 Dungeon Crawl Stone Soup version 0.21-a0-633-g4c047d5 (webtiles) character file.

71 Lanoc the Cutter (level 4, -1/29 HPs)
             Began as a Kobold Monk on Dec 28, 2017.
             Slain by Terence
             ... wielding a +0 mace
              (7 damage)
             ... on level 2 of the Dungeon.
             The game lasted 00:03:20 (1234 turns).

Lanoc the Cutter (Kobold Monk)                      Turns: 1234, Time: 00:03:20

Health: -1/29      AC:  6    Str:  8    XL:     4   Next: 47%
Magic:  4/4        EV: 17    Int: 11    God:
Gold:   77         SH:  0    Dex: 18    Spells: 3/3 levels left

rFire    . . .     SeeInvis .   a - +0 short sword
rCold    + . .     Gourm    .   (shield restricted)
rNeg     . . .     Faith    .   g - +2 robe {rC+}
rPois    .         Spirit   .   i - +2 hat
rElec    .         Reflect  .   (no cloak)
rCorr    .         Harm     .   (no gloves)
MR       .....                  (no boots)
Stlth    ++........             (no amulet)
HPRegen  0.09/turn              (no ring)
MPRegen  0.09/turn              (no ring)

@: no status effects
A: small, carnivore
a: no special abilities


You were on level 2 of the Dungeon.
You were very full.

You visited 1 branch of the dungeon, and saw 2 of its levels.

You collected 77 gold pieces.

Inventory:

Hand Weapons
 a - a +0 short sword (weapon)
Armour
 g - a +2 robe of cold resistance (worn)
 i - a +2 hat (worn)
Scrolls
 b - a scroll of magic mapping {unknown}
 d - 2 scrolls of teleportation {unknown}
 e - 3 scrolls of remove curse {unknown}
 f - a scroll of blinking {unknown}
 h - a scroll of fear {unknown}
Comestibles
 c - 3 rations


   Skills:
 + Level 4.1 Fighting
 + Level 5.0 Short Blades
 + Level 4.5 Dodging
 - Level 2.6 Stealth


You had 3 spell levels left.
You didn't know any spells.

Dungeon Overview and Level Annotations

Branches:
Dungeon (2/15)

Altars:

Annotations:
D:2 Sigmund, Terence


Innate Abilities, Weirdness & Mutations

You are small and have problems with some larger weapons.
You are carnivorous and can eat meat at any time.


Message History

Terence is severely wounded.
You hit Terence but do no damage.
Terence is severely wounded.
Terence is no longer unusually agile.
Terence barely misses you.
You barely miss Terence.
Terence is severely wounded.
Terence barely misses you.
You hit Terence but do no damage.
Terence is severely wounded.
You hit Terence.
Terence is almost dead.
Terence misses you.
You hit Terence but do no damage.
Terence is almost dead.
Terence hits you with a mace!
* * * LOW HITPOINT WARNING * * *
You hit Terence but do no damage.
Terence is almost dead.
Terence hits you with a mace!
You die...

###.# .##.#########
....)........
###...###### ######
#####..#######....
.....#......#..#
.....######....#
.....#.......#.####
......[#######..@.#
.....### ####@#
.....# .# .....# ..
.....# #.# ######
.# ##


You could see Terence.

Vanquished Creatures
  4 adders (D:2)
  2 dart slugs (D:1)
  3 orcs (D:2)
  3 goblins (D:1)
  6 hobgoblins
  4 kobolds
  2 ball pythons (D:1)
  A bat (D:1)
  2 frilled lizards (D:2)
  3 rats
30 creatures vanquished.

Notes
Turn   | Place    | Note
-------+----------+-------------------------------------------
     0 | D:1      | Lanoc the Kobold Monk began the quest for the Orb.
     0 | D:1      | Reached XP level 1. HP: 14/14 MP: 1/1
   318 | D:1      | Reached XP level 2. HP: 18/19 MP: 2/2
   625 | D:1      | Reached XP level 3. HP: 24/24 MP: 3/3
   774 | D:2      | Noticed Sigmund
   810 | D:2      | Reached XP level 4. HP: 29/29 MP: 4/4
   957 | D:2      | Reached skill level 5 in Short Blades
  1174 | D:2      | Noticed Terence
  1234 | D:2      | Slain by Terence

Vault maps used:
D:1:      mainiacjoe_arrival_reflecting_pool
D:2:      nicolae_overflow_crystal_walls, minivault_25, uniq_sigmund,
          uniq_jessica, uniq_terence

Skill      XL: |  1  2  3  4 |
---------------+-------------+-----
Dodging        | 4 |  4.5
Fighting       | 4 |  4.1
Short Blades   | 5 |  5.0
Stealth        | |  2.6

Action                   |  1- 3 |  4- 6 || total
-------------------------+-------+-------++-------
Melee: Short sword       |    51 |   128 ||   179
 Stab: Sleeping          |     4 |       ||     4
  Eat: Chunk             |     8 |     1 ||     9
Armor: Robe              |     3 |    17 ||    20
Dodge: Dodged            |    41 |    71 ||   112

Table legend:
 A = Spawn XP
 B = Non-spawn XP
 C = Spawn XP percentage of total XP
 D = Spawn monster count
 E = Non-spawn monster count
 F = Spawn count percentage of total count
 G = Total turns spent on level
                    A         B        C        D         E        F      G
               +---------+---------+-------+---------+---------+-------+---------
         Total |       0 |     102 |   0.0 |       0 |      30 |   0.0 |  1234
               +---------+---------+-------+---------+---------+-------+---------
           D:1 |       0 |      30 |   0.0 |       0 |      15 |   0.0 |   790
           D:2 |       0 |      72 |   0.0 |       0 |      15 |   0.0 |   444
               +---------+---------+-------+---------+---------+-------+---------
